 Dungeon Crawl Stone Soup version 0.23.1 (webtiles) character file.

Game seed: 1998443082206579545

61 Xenon25 the Chopper (level 4, -2/39 HPs)
             Began as a Hill Orc Fighter on Mar 14, 2019.
             Killed from afar by Sigmund (8 damage)
             ... with a magic dart
             ... on level 2 of the Dungeon.
             The game lasted 00:01:31 (1574 turns).

Xenon25 the Chopper (Hill Orc Fighter)              Turns: 1574, Time: 00:01:31

Health: -2/39      AC:  6    Str: 19    XL:     4   Next: 7%
Magic:  4/4        EV:  7    Int:  8    God:
Gold:   69         SH:  9    Dex: 10    Spells: 3/3 levels left

rFire    . . .     SeeInvis .   a - +0 war axe
rCold    . . .     Gourm    .   c - +0 shield
rNeg     . . .     Faith    .   b - +0 scale mail
rPois    .         Spirit   .   (no helmet)
rElec    .         Reflect  .   (no cloak)
rCorr    .         Harm     .   (no gloves)
MR       .....                  (no boots)
Stlth    ..........             (no amulet)
HPRegen  0.13/turn              (no ring)
MPRegen  0.09/turn              (no ring)

@: no status effects
A: no striking features
a: no special abilities


You were on level 2 of the Dungeon.
You were hungry.

You visited 1 branch of the dungeon, and saw 2 of its levels.

You collected 69 gold pieces.

Inventory:

Hand Weapons
 a - a +0 war axe (weapon)
Armour
 b - a +0 scale mail (worn)
 c - a +0 shield (worn)
Scrolls
 e - 6 scrolls of identify {unknown}
 g - a scroll of teleportation {unknown}
 k - a scroll of magic mapping {unknown}
 m - a scroll of remove curse {unknown}
 n - a scroll of amnesia {unknown}
Potions
 d - a potion of might
 h - a potion of heal wounds {unknown}
 i - a potion of mutation {unknown}
 j - a potion of berserk rage {unknown}
 l - a potion of brilliance {unknown}
Comestibles
 f - 4 rations
 o - a chunk of flesh


   Skills:
 - Level 3.6 Fighting
 + Level 5.3 Axes
 - Level 3.2 Armour
 + Level 0.6 Dodging
 + Level 0.1 Stealth
 - Level 3.2 Shields


You had 3 spell levels left.
You didn't know any spells.
Your spell library was empty.

Dungeon Overview and Level Annotations

Branches:
Dungeon (2/15)

Altars:
Ashenzari
Nemelex Xobeh
Ru
Xom

Annotations:
D:2 Sigmund


Message History

Something tries to affect you, but you resist.
You hear some strange, mumbled words.
A puff of flame appears from out of thin air!
The puff of flame misses you.
You miss something.
You hear some strange, mumbled words.
Something tries to affect you, but you resist.
You closely miss something. You hit something. Something hits you!
* * * LOW HITPOINT WARNING * * *
You miss something.
You are feeling hungry.
Something hits you.
* * * LOW HITPOINT WARNING * * *
You closely miss something. You block something's attack.
You closely miss something.
You hear some strange, mumbled words.
A magic dart appears from out of thin air!
The magic dart hits you!
You die...

#.....#.# #......
#.....#.# ######.
#.....÷.# #...
#....#..#######.#.
#....#.>........#.
######...########.
#...##.#.# #.
#######{#.##.#.#
#.
.......@..##.#.#
#.
#######.####.#.#
## #.####.#<#
#..†...###
########


There were no monsters in sight!

Vanquished Creatures
  An adder (D:2)
  An ooze (D:1)
  2 worms (D:2)
  3 dart slugs
  A leopard gecko (D:2)
  2 giant cockroaches (D:1)
  4 goblins
  7 hobgoblins
  4 kobolds
  2 quokkas (D:2)
  A ball python (D:2)
  3 bats
  5 frilled lizards
36 creatures vanquished.

Notes
Turn   | Place    | Note
-------+----------+-------------------------------------------
     0 | D:1      | Xenon25 the Hill Orc Fighter began the quest for the Orb.
     0 | D:1      | Reached XP level 1. HP: 19/19 MP: 1/1
    43 | D:1      | Reached skill level 3 in Axes
   115 | D:1      | Reached XP level 2. HP: 26/26 MP: 2/2
   164 | D:1      | Reached skill level 4 in Axes
   551 | D:1      | Reached XP level 3. HP: 28/31 MP: 3/3
   893 | D:2      | Found a shimmering altar of Xom.
   912 | D:2      | Reached skill level 5 in Axes
   935 | D:2      | HP: 1/31 [poisoned by an adder]
  1126 | D:2      | Found a sacrificial altar of Ru.
  1134 | D:2      | Found a sparkling altar of Nemelex Xobeh.
  1135 | D:2      | Found a shattered altar of Ashenzari.
  1405 | D:2      | Reached XP level 4. HP: 33/39 MP: 4/4
  1557 | D:2      | Noticed Sigmund
  1574 | D:2      | Killed from afar by Sigmund

Skill      XL: |  1  2  3 |
---------------+----------+-----
Axes           | 3 4 5 |  5.3
Fighting       | |  3.6
Armour         | |  3.2
Dodging        | |  0.6
Stealth        | |  0.1
Shields        | |  3.2

Action                   |  1- 3 |  4- 6 || total
-------------------------+-------+-------++-------
Melee: War axe           |   142 |    27 ||   169
  Eat: Chunk             |     2 |       ||     2
Armor: Scale mail        |    75 |     3 ||    78
Dodge: Dodged            |    46 |     6 ||    52
Block: Shield            |    67 |     7 ||    74
